 Dungeon Crawl Stone Soup version 0.30-a0-757-ga6a79fd877 (webtiles) character file.

Game seed: 16092949851398922777

13499 IdlyInterested the Basher (level 11, -4/129 HPs)
             Began as a Demonspawn Gladiator on Feb 9, 2023.
             Slain by a kobold brigand
             ... wielding a +0 short sword
              (6 damage)
             ... on level 11 of the Dungeon.
             The game lasted 00:42:22 (12247 turns).

IdlyInterested the Basher (Demonspawn Gladiator)   Turns: 12247, Time: 00:42:23

Health: -4/129     AC: 23    Str: 18    XL:     11   Next: 76%
Magic:  11/11      EV: 12    Int: 13    God:
Gold:   977        SH: 10    Dex: 10    Spells: 10/10 levels left

rFire   + . .      SeeInvis .    F - +3 flail (protect)
rCold   + + .      Faith    .    O - +6 buckler of Bitterness {+Inv Dex-5 Slay+2}
rNeg    + . .      Spirit   .    J - +2 ring mail of Valour {rC+ Int+3}
rPois   .          Reflect  .    K - +2 hat
rElec   +          Harm     .    (cloak unavailable)
rCorr   .          Rampage  .    (no gloves)
Will    .....                    n - +0 pair of boots of Starshine {rF+ rN+} Stlth
                                 Z - amulet of regeneration
HPRegen 1.21/turn                g - ring of the Cockatrice {rElec rC+}
MPRegen 0.12/turn                j - +4 ring of protection

@: berserking (expiring), lethally poisoned (-4 -> -5), under a protective aura,
hasted and slowed
A: foul stench 1, powered by pain 1, sturdy frame 1, weakness stinger 3
a: Evoke Invisibility


You were on level 11 of the Dungeon.
You visited 2 branches of the dungeon, and saw 12 of its levels.
You also visited: Sewer, Ossuary and Bailey.

You collected 977 gold pieces.

Inventory:

Hand Weapons
 a - a +0 vampiric flail
 v - a +0 whip of electrocution
 y - a +3 whip of draining
 z - a +0 whip of venom
 F - a +3 flail of protection (weapon)
Missiles
 d - 8 throwing nets
 e - 11 javelins
 f - 68 stones (quivered)
 A - 2 curare-tipped darts
 B - 18 poisoned darts
 V - 29 boomerangs
Armour
 n - the +0 pair of boots of Starshine (worn) {rF+ rN+}
   (You acquired it on level 5 of the Dungeon)

   rF:        It protects you from fire.
   rN:        It protects you from negative energy.
 J - the +2 ring mail of Valour (worn) {rC+ Int+3}
   (You found it on level 6 of the Dungeon)

   Int:       It affects your intelligence (+3).
   rC:        It protects you from cold.
 K - a +2 hat (worn)
 O - the +6 buckler of Bitterness (worn) {+Inv Dex-5 Slay+2}
   (You acquired it on level 8 of the Dungeon)

   Dex:       It affects your dexterity (-5).
   Slay:      It affects your accuracy & damage with ranged weapons and melee
   (+2).
   +Inv:      It lets you turn invisible.
Magical Staves
 Q - a staff of fire
Jewellery
 g - the ring of the Cockatrice (left hand) {rElec rC+}
   (You acquired it on level 2 of the Dungeon)

   [ring of protection from cold]

   rC:        It protects you from cold.
   rElec:     It insulates you from electricity.
 j - a +4 ring of protection (right hand)
 x - an amulet of the acrobat
 G - a ring of see invisible
 H - an amulet of magic regeneration
 I - an amulet of guardian spirit
 P - a +6 ring of dexterity
 Z - an amulet of regeneration (around neck)
Wands
 s - a wand of roots (11)
 w - a wand of flame (15)
 D - a wand of polymorph (1)
Scrolls
 b - a scroll of poison
 l - 4 scrolls of fog
 p - 3 scrolls of blinking
 q - 6 scrolls of teleportation
 r - 4 scrolls of identify
 t - 4 scrolls of vulnerability
 C - 2 scrolls of brand weapon
 M - 3 scrolls of amnesia
 N - 2 scrolls of enchant weapon
 R - 2 scrolls of fear
 W - 2 scrolls of enchant armour
 X - a scroll of magic mapping
Potions
 c - 3 potions of flight
 h - a potion of heal wounds
 i - 6 potions of haste
 k - 10 potions of curing
 m - 2 potions of brilliance
 o - 2 potions of mutation
 u - a potion of lignification
 E - 2 potions of magic
 L - 3 potions of invisibility
 S - a potion of ambrosia
 U - 2 potions of might
 Y - a potion of experience


   Skills:
 - Level 8.0 Fighting
 + Level 12.3 Maces & Flails
 - Level 3.0 Throwing
 - Level 8.0 Armour
 - Level 4.0 Dodging
 * Level 3.0 Stealth
 - Level 4.0 Shields
 - Level 3.0 Evocations


You had 10 spell levels left.
You didn't know any spells.
Your spell library contained the following spells:

 Spells                   Type           Power      Damage    Failure   Level
 Cigotuvi's Dreadful Rot  Necr/Pois/Air  0%         N/A       61%         2
 Dazzling Flash           Conj/Hex       0%         N/A       83%         3
 Frozen Ramparts          Ice            0%         1d1       83%         3
 Dispel Undead            Necr           0%         3d6       99%         4
 Ice Form                 Ice/Tmut       0%         N/A       99%         4
 Iskenderun's Mystic Bla  Conj/Tloc      0%         2d3       99%         4
 Leda's Liquefaction      Hex/Erth       0%         N/A       99%         4
 Summon Ice Beast         Ice/Summ       0%         N/A       99%         4
 Lee's Rapid Deconstruct  Erth           0%         3d4*      100%        5
 Death Channel            Necr           0%         N/A       100%        6
 Starburst                Conj/Fire      0%         6d3       100%        6
 Statue Form              Tmut/Erth      0%         N/A       100%        6


Dungeon Overview and Level Annotations

Branches:
Dungeon (11/15)            Temple (1/1) D:5            Lair (0/5) D:8
  Sewer (visited)         Ossuary (visited)          Bailey (visited)
    Orc: D:9-12

Altars:
Ashenzari
Cheibriados
Dithmenos
Fedhas
Gozag
Hepliaklqana
Kikubaaqudgha
Makhleb
Nemelex Xobeh
Okawaru
Qazlal
Ru
Sif Muna
Trog
Uskayaw
Vehumet
Wu Jian
Xom
Yredelemnul


Innate Abilities, Weirdness & Mutations

You may rarely emit foul miasma when damaged in melee.
You sometimes gain a little power by taking damage.
Your movements are slightly less encumbered by armour. (ER -2)
You have a sharp stinger which inflicts weakening toxins.


Message History

The wraith is almost destroyed.
You feel very sick.
The centaur closely misses you. x2; The centaur hits you.
* * * LOW HITPOINT WARNING * * *
The centaur kicks you but does no damage.
The wraith closely misses you.
The centaur hits you but does no damage.
You block the centaur's attack. The centaur barely misses you.
The centaur kicks you but does no damage.
You barely miss the wraith.
The wraith is almost destroyed.
You feel very sick. The centaur barely misses you.
You block the centaur's attack. x2
The centaur kicks you but does no damage.
The kobold brigand throws a curare-tipped dart.
The curare-tipped dart misses you. The wraith hits you.
* * * LOW HITPOINT WARNING * * *
The wraith drains your vigour!
You feel as though you will be slow longer.
You feel very sick. The centaur hits you.
* * * LOW HITPOINT WARNING * * *
You block the centaur's attack.
The centaur wields a +0 shortbow.
The centaur shoots an arrow.
The arrow hits you!
* * * LOW HITPOINT WARNING * * *
The kobold brigand hits you with a +0 short sword.
* * * LOW HITPOINT WARNING * * *
The wraith hits you but does no damage. You block the centaur's attack.
The centaur kicks you but does no damage.
You block the centaur's attack. The centaur barely misses you.
You bludgeon the wraith!!
You destroy the wraith!
You feel sick. You block the centaur's attack. x2
The centaur completely misses you.
The centaur kicks you but does no damage.
The centaur hits you.
* * * LOW HITPOINT WARNING * * *
The centaur barely misses you. You block the kobold's attack.
The kobold brigand hits you with a +0 short sword.
You die...

.# #.. ..# ...... .# #.#
..####. ...... .# #.#
....... ..... .# #.#
...[... ###.
.###########.# ....... #.
.............# ..).... #.
.....<>......#####)......
#.
[...............ccc(.....
#.
......#####....c@.)......
....... ###...#
#.....KK......# ###....
..#...# #.....^######.#
#.... ..#...# #......#
#.# #.... ..#...#
#......# #.# #.###
..#...# #......# #.#
#.#.. ..#...#####......#
#.# #.#..
..'..............# #.#
#.#.. ..#..............#
#.# #.###


You could see a kobold brigand, 4 centaurs and a kobold.

Vanquished Creatures
  An orc warlord (Bailey)
  Harold (D:11)
  A centaur warrior (D:11)
  2 two-headed ogres
  An ugly thing (D:11)
  A gargoyle (D:10)
  4 kobold demonologists (D:11)
  A komodo dragon (D:8)
  A troll (D:11)
  2 hornets
  The ghost of Newt the Magician, an amateur DsGl (D:7)
  A shadow (D:9)
  2 wraiths
  A wyvern (D:8)
  5 yaks (D:11)
  2 vampire mosquitoes (D:11)
  2 basilisks (D:8)
  A steam dragon (D:8)
  Edmund (D:5)
  2 water moccasins
  3 ice beasts
  Pargi (Sewer)
  7 orc warriors
  3 sky beasts
  An ogre (D:7)
  7 centaurs
  The ghost of Esekla the Sneak, an amateur OpDe (D:5)
  3 kobold brigands
  2 bullfrogs
  A gnoll sergeant (D:10)
  15 scorpions
  9 wights (D:8)
  The ghost of Hubris850 the Chopper, a weakling MeCA of Ignis (D:3)
  2 howler monkeys
  3 centaur zombies (Ossuary)
  5 jellies
  A gnoll bouda (D:5)
  4 orc priests
  4 hounds
  3 human zombies (Ossuary)
  Crazy Yiuf (D:2)
  2 iguanas
  6 orc wizards
  7 scorpion zombies (Ossuary)
  3 mummies (Ossuary)
  Robin (D:2)
  11 gnolls
  A river rat (D:5)
  13 adders
  A shadow imp (D:7)
  3 white imps
  A worm (D:5)
  6 dart slugs
  31 orcs
  10 ball pythons
  5 bats
  10 endoplasms
  3 giant cockroaches
  2 gnoll zombies (Ossuary)
  13 hobgoblins
  2 jackals (Sewer)
  29 kobolds
  3 quokkas
  2 frilled lizards (D:2)
  18 goblins
  2 hobgoblin zombies (Ossuary)
  A kobold zombie (Ossuary)
  An orc zombie (Ossuary)
  7 rats
304 creatures vanquished.

Vanquished Creatures (others)
  A swamp drake (D:8)
  3 fungi
  11 plants
15 creatures vanquished.

Grand Total: 319 creatures vanquished

Notes
Turn   | Place    | Note
-------+----------+-------------------------------------------
     0 | D:1      | IdlyInterested the Demonspawn Gladiator began the quest for
                  | the Orb.
     0 | D:1      | Reached XP level 1. HP: 16/16 MP: 1/1
    74 | D:1      | Reached skill level 3 in Maces & Flails
   118 | D:1      | Gained mutation: You have a small tail. [demonic ancestry]
   118 | D:1      | Reached XP level 2. HP: 22/22 MP: 2/2
   314 | D:1      | Reached skill level 1 in Armour
   472 | D:1      | Gained mutation: Your movements are slightly less
                  | encumbered by armour. (ER -2) [demonic ancestry]
   472 | D:1      | Reached XP level 3. HP: 25/27 MP: 3/3
   815 | D:2      | Identified a scroll of acquirement
   815 | D:2      | Acquired the ring of the Cockatrice {rElec rC+}
   873 | D:2      | Noticed Robin
   900 | D:2      | Killed Robin
   901 | D:2      | Reached skill level 1 in Stealth
  1158 | D:2      | Reached skill level 4 in Maces & Flails
  1158 | D:2      | Gained mutation: You have a tail ending in a sharp stinger.
                  | [demonic ancestry]
  1158 | D:2      | Reached XP level 4. HP: 33/33 MP: 4/4
  1779 | D:2      | Found a runed translucent door.
  1780 | D:2      | Noticed Crazy Yiuf
  2008 | D:2      | Killed Crazy Yiuf
  2376 | D:3      | Reached XP level 5. HP: 38/38 MP: 5/5
  2817 | D:3      | Noticed a water moccasin
  2833 | D:3      | Killed a water moccasin
  2834 | D:3      | Reached skill level 5 in Maces & Flails
  2943 | D:3      | Found a runed translucent gate.
  2964 | D:3      | Gained mutation: You sometimes gain a little power by
                  | taking damage. [demonic ancestry]
  2964 | D:3      | Reached XP level 6. HP: 44/44 MP: 6/6
  3324 | D:3      | Found a runed translucent gate.
  3324 | D:3      | Found a runed translucent gate.
  3329 | D:3      | Noticed Hubris850's ghost (weakling MeCA)
  3356 | D:3      | Killed Hubris850's ghost
  3357 | D:3      | Reached skill level 6 in Maces & Flails
  3505 | D:4      | Identified the +1 scale mail "Jemoyl" {-Tele Int+5 Stlth+}
  3739 | D:4      | Reached XP level 7. HP: 50/50 MP: 7/7
  3985 | D:4      | Found a basalt altar of Yredelemnul.
  4194 | D:4      | Reached skill level 7 in Maces & Flails
  4312 | D:5      | Entered Level 5 of the Dungeon
  4350 | D:5      | Found a staircase to the Ecumenical Temple.
  4371 | D:5      | Noticed a troll
  4583 | D:5      | Found a glowing drain.
  4590 | Sewer    | Entered a sewer
  4638 | Sewer    | Noticed Pargi
  4655 | Sewer    | Killed Pargi
  4656 | Sewer    | Reached skill level 1 in Evocations
  4752 | D:5      | Gained mutation: You may rarely emit foul miasma when
                  | damaged in melee. [demonic ancestry]
  4752 | D:5      | Reached XP level 8. HP: 60/60 MP: 8/8
  4788 | Temple   | Entered the Ecumenical Temple
  5122 | D:5      | Noticed Edmund
  5154 | D:5      | Killed Edmund
  5155 | D:5      | Reached skill level 8 in Maces & Flails
  5562 | D:5      | Found a runed translucent door.
  5563 | D:5      | Noticed Esekla's ghost (amateur OpDe)
  5574 | D:5      | Killed Esekla's ghost
  5643 | D:5      | Found a runed translucent door.
  5742 | D:5      | Found a snail-covered altar of Cheibriados.
  6005 | D:5      | Acquired the +0 pair of boots of Starshine {rF+ rN+}
  6216 | D:6      | Identified the +1 robe "Rasih" {*Slow Dex+4}
  6348 | D:6      | Found an ancient bone altar of Kikubaaqudgha.
  6600 | D:6      | Identified the +2 ring mail of Valour {rC+ Int+3}
  6862 | D:7      | Reached skill level 9 in Maces & Flails
  6862 | D:7      | Gained mutation: You have a sharp stinger which inflicts
                  | weakening toxins. [demonic ancestry]
  6862 | D:7      | Reached XP level 9. HP: 66/66 MP: 9/9
  6882 | D:7      | Found a large runed translucent door.
  6882 | D:7      | Found a large runed translucent door.
  6896 | D:7      | Noticed Newt's ghost (amateur DsGl)
  7134 | D:7      | Reached skill level 5 in Fighting
  7837 | D:7      | Killed Newt's ghost
  7971 | D:8      | Reached skill level 5 in Armour
  8032 | D:8      | Found a hide-covered altar of Uskayaw.
  8081 | D:8      | Reached skill level 10 in Maces & Flails
  8183 | D:8      | Found a sand-covered staircase.
  8208 | D:8      | Reached XP level 10. HP: 36/72 MP: 10/10
  8225 | Ossuary  | Entered an ossuary
  9417 | D:8      | Found a staircase to the Lair.
  9660 | D:8      | Acquired the +6 buckler of Bitterness {+Inv Dex-5 Slay+2}
  9912 | D:9      | Found a blossoming altar of Fedhas.
  9925 | D:9      | Noticed a two-headed ogre
  9941 | D:9      | Killed a two-headed ogre
  9942 | D:9      | Reached skill level 11 in Maces & Flails
 10048 | D:9      | Found a stormy altar of Qazlal.
 10444 | D:10     | Entered Level 10 of the Dungeon
 10542 | D:10     | Noticed a gargoyle
 10550 | D:10     | Killed a gargoyle
 10609 | D:10     | Reached XP level 11. HP: 48/86 MP: 11/11
 10707 | D:10     | Found a flagged portal.
 10732 | Bailey   | Entered a bailey
 10808 | Bailey   | Noticed an orc warlord
 10914 | Bailey   | Found a runed translucent gate.
 10929 | Bailey   | Found a runed translucent gate.
 10930 | Bailey   | Found a runed translucent gate.
 11077 | Bailey   | Killed an orc warlord
 11561 | D:11     | Noticed Harold
 11584 | D:11     | Killed Harold
 11766 | D:11     | Noticed a soul eater
 11840 | D:11     | Noticed a green ugly thing
 11862 | D:11     | Killed a green ugly thing
 11995 | D:11     | Reached skill level 12 in Maces & Flails
 12006 | D:11     | Noticed a two-headed ogre
 12011 | D:11     | Killed a two-headed ogre
 12215 | D:11     | Noticed a centaur warrior
 12220 | D:11     | Noticed a sun demon
 12238 | D:11     | Killed a centaur warrior
 12246 | D:11     | HP: 6/129 [centaur/arrow[a centaur warrior] (10)]
 12247 | D:11     | HP: 2/129 [centaur[a centaur warrior] (2)]
 12247 | D:11     | Slain by a kobold brigand

Illustrated notes

Levels and vault maps discovered:
D:1:      dpeg_arrival_rooms_a, layout_basic, minmay_misc_feat_four_crosses
D:2:      minmay_spotlight, layout_basic, uniq_crazy_yiuf_cottage, uniq_robin
D:3:      layout_loops_ring, gammafunk_ghost_nasty_kobolds, nicolae_half_adder
D:4:      layout_basic, kennysheep_mini
D:5:      layout_loops_cross, mainiacjoe_overflow_alcove_2,
          minmay_temple_entry_overgrown, ebering_ghost_sewer_f,
          portal_sewer_entry_e, st_stairs_4, nicolae_hexahallways,
          lightli_corner_chamber, uniq_edmund
D:6:      layout_rooms, mainiacjoe_overflow_catwalk_spiral
D:7:      layout_gridville, ebering_ghost_disaster_area
D:8:      layout_rooms, mainiacjoe_overflow_six_doors_small, erik_lair_dragon,
          chequers_ossuary_entry_cave
D:9:      layout_cave_pools, grunt_temple_overflow_forces_of_nature,
          item_on_display_a
D:10:     layout_cave_pools, zin_statuary, enter_bailey_5
D:11:     layout_irregular_city, uniq_harold
Temple:   minmay_temple_curvy_branch

Skill      XL: |  1  2  3  4  5  6  7  8  9 10 11 |
---------------+----------------------------------+-----
Maces & Flails | 3 4 5 6 7 9 10 11 12 | 12.3
Armour         | 1 2 4 6 8 |  8.0
Stealth        | 1 2 3 |  3.0
Fighting       | 4 6 8 |  8.0
Evocations     | 1 2 3 |  3.0
Throwing       | 2 3 |  3.0
Dodging        | 3 4 |  4.0
Shields        | 4 |  4.0

Action                     |  1- 3 |  4- 6 |  7- 9 | 10-12 || total
---------------------------+-------+-------+-------+-------++-------
  Melee: Flail             |   104 |    18 |   363 |   329 ||   814
         Tailslap          |    12 |    17 |    67 |    92 ||   188
         Punch             |     1 |     1 |     8 |     6 ||    16
         Whip              |       |   136 |    62 |       ||   198
         Mace              |       |       |       |   185 ||   185
  Throw: Stone             |     5 |     5 |    36 |    15 ||    61
         Throwing net      |       |     1 |       |       ||     1
         Javelin           |       |     5 |       |       ||     5
    Use: Scroll            |     4 |     8 |    10 |     6 ||    28
         Potion            |     2 |       |     2 |     5 ||     9
   Stab: Sleeping          |     2 |     2 |     5 |       ||     9
         Distracted        |       |       |     2 |       ||     2
 Armour: Leather armour    |    30 |       |       |       ||    30
         Ring mail         |     2 |    14 |    92 |   329 ||   437
         Chain mail        |       |    55 |       |       ||    55
         Scale mail        |       |     2 |   108 |       ||   110
  Dodge: Dodged            |    85 |    59 |   283 |   362 ||   789
  Block: Buckler           |       |       |       |   189 ||   189

Table legend: (Time is in decaauts)
 A = Elapsed time spent in this place.
 B = Non-inter-level travel time spent in this place.
 C = Inter-level travel time spent in this place.
 D = Time resting spent in this place.
 E = Time spent auto-exploring this place.
 F = Levels seen in this place.
 G = Mean time per level.
                   A        B        C        D        E       F      G
               +--------+--------+--------+--------+--------+-----+--------+
         Total |  12203 |  10789 |   1414 |   1304 |   5646 |  15 |  813.5 |
       Dungeon |  10717 |   9303 |   1414 |    944 |   5293 |  11 |  974.3 |
        Temple |    251 |    251 |      0 |      0 |    246 |   1 |  251.0 |
         Sewer |    127 |    127 |      0 |      0 |     35 |   1 |  127.0 |
       Ossuary |    679 |    679 |      0 |    312 |      8 |   1 |  679.0 |
        Bailey |    427 |    427 |      0 |     48 |     64 |   1 |  427.0 |
               +--------+--------+--------+--------+--------+-----+--------+

Top non-repeatable levels by time:
     D:2: 1514 daAuts
     D:5: 1404 daAuts
     D:3: 1252 daAuts
     D:7: 1251 daAuts
     D:8: 1084 daAuts
     D:4: 847 daAuts
     D:1: 797 daAuts
    D:10: 760 daAuts
 Ossuary: 679 daAuts
     D:9: 635 daAuts
     D:6: 593 daAuts
    D:11: 575 daAuts
  Bailey: 427 daAuts
  Temple: 251 daAuts
   Sewer: 127 daAuts
